 Dungeon Crawl Stone Soup version 0.21.1-1-g345015f (webtiles) character file.

85 sking99 the Slasher (level 4, -1/36 HPs)
             Began as a Barachi Fighter on June 25, 2018.
             Killed from afar by an orc wizard (3 damage)
             ... with a magic dart
             ... on level 3 of the Dungeon.
             The game lasted 00:06:36 (1319 turns).

sking99 the Slasher (Barachi Fighter)               Turns: 1319, Time: 00:06:37

Health: -1/36      AC:  8    Str: 17    XL:     4   Next: 48%
Magic:  4/4        EV:  7    Int: 13    God:
Gold:   76         SH:  9    Dex: 13    Spells: 3/3 levels left

rFire    . . .     SeeInvis .   a - +0 long sword
rCold    . . .     Gourm    .   c - +0 shield
rNeg     . . .     Faith    .   b - +0 scale mail
rPois    .         Spirit   .   i - +0 helmet
rElec    .         Reflect  .   (no cloak)
rCorr    .         Harm     .   (no gloves)
MR       .....                  (no boots)
Stlth    ..........             (no amulet)
HPRegen  0.12/turn              (no ring)
MPRegen  0.09/turn              (no ring)

@: brilliant, flying, slow
A: +LOS, swims, slowness 1, strong legs 1
a: Hop


You were on level 3 of the Dungeon.
You were not hungry.

You visited 1 branch of the dungeon, and saw 3 of its levels.

You collected 76 gold pieces.

Inventory:

Hand Weapons
 a - a +0 long sword (weapon)
Armour
 b - a +0 scale mail (worn)
 c - a +0 shield (worn)
 i - a +0 helmet (worn)
Jewellery
 j - an uncursed ring of flight {unknown}
Scrolls
 e - a scroll of identify {unknown}
 k - 4 scrolls of fog {unknown}
 m - a scroll of remove curse {unknown}
 n - a scroll of enchant weapon {unknown}
 o - 2 scrolls of amnesia {unknown}
Potions
 d - a potion of might
 h - a potion of flight
 l - a potion of brilliance
Comestibles
 f - 2 rations
 g - 5 chunks of flesh


   Skills:
 - Level 3.6 Fighting
 + Level 5.5 Long Blades
 - Level 3.6 Armour
 - Level 3.2 Shields


You had 3 spell levels left.
You didn't know any spells.

Dungeon Overview and Level Annotations

Branches:
Dungeon (3/15)

Altars:

Annotations:
D:2 Sigmund


Innate Abilities, Weirdness & Mutations

Shadows flee at your approach. (+LOS)
You can swim through water.
You cover ground slowly.
You can hop short distances.


Message History

The orc hits you with a club.
* * * LOW HITPOINT WARNING * * *
You bump into the rock wall.
Something hits you.
* * * LOW HITPOINT WARNING * * *
The orc closely misses you.
You bump into the rock wall.
You feel less confused. Something hits you.
* * * LOW HITPOINT WARNING * * *
The orc hits you with a club.
* * * LOW HITPOINT WARNING * * *
You closely miss something.
You hear some strange, mumbled words.
A puff of flame appears from out of thin air!
The puff of flame hits you! The orc hits you but does no damage.
You miss something.
You hear some strange, mumbled words.
A magic dart appears from out of thin air!
The magic dart hits you!
You die...

..............#
......####...(#
.... #....# ..
#....# #....#
###.## #o#
###o# #<{@#
#.### #.# #.#
..# .## .. .#
..


You could see 2 orcs.

Vanquished Creatures
  An orc wizard (D:3)
  An adder (D:2)
  A dart slug (D:2)
  A worm (D:2)
  2 leopard geckos (D:1)
  2 orcs (D:3)
  5 bats
  4 giant cockroaches
  2 goblins (D:1)
  3 hobgoblins (D:2)
  4 jackals
  3 frilled lizards (D:1)
  4 kobolds
  8 rats
41 creatures vanquished.

Notes
Turn   | Place    | Note
-------+----------+-------------------------------------------
     0 | D:1      | sking99 the Barachi Fighter began the quest for the Orb.
     0 | D:1      | Reached XP level 1. HP: 18/18 MP: 1/1
    72 | D:1      | Reached skill level 3 in Long Blades
   177 | D:1      | Reached XP level 2. HP: 24/24 MP: 2/2
   461 | D:1      | Reached skill level 4 in Long Blades
   678 | D:1      | Reached XP level 3. HP: 29/29 MP: 3/3
  1230 | D:2      | Noticed Sigmund
  1284 | D:3      | Reached skill level 5 in Long Blades
  1297 | D:3      | Reached XP level 4. HP: 32/36 MP: 4/4
  1317 | D:3      | HP: 1/36 [orc/club (2)]
  1319 | D:3      | Killed from afar by an orc wizard

Skill      XL: |  1  2  3 |
---------------+----------+-----
Long Blades    | 3 4 5 |  5.5
Fighting       | |  3.6
Armour         | |  3.6
Shields        | |  3.2

Action                   |  1- 3 |  4- 6 || total
-------------------------+-------+-------++-------
Melee: Long sword        |   180 |    10 ||   190
 Abil: Hop               |     2 |       ||     2
  Use: Potion            |       |     2 ||     2
  Eat: Chunk             |     2 |       ||     2
Armor: Scale mail        |    84 |     6 ||    90
Dodge: Dodged            |    70 |     5 ||    75
Block: Shield            |   104 |     5 ||   109
       Rpst.: Long sword |    18 |     1 ||    19
